 Dungeon Crawl Stone Soup version 0.30-a0-1053-gbd8d5ba0ad (webtiles) character file.

Game seed: 1180899687736349057

15181 Arzdou the Severer (level 12, -2/104 HPs)
             Began as a Hill Orc Fighter on Apr 11, 2023.
             Was an Initiate of Yredelemnul.
             Slain by a nine-headed hydra (6 damage)
             ... on level 1 of the Lair of Beasts.
             The game lasted 00:41:24 (11556 turns).

Arzdou the Severer (Hill Orc Fighter)              Turns: 11556, Time: 00:41:25

Health: -2/104     AC: 26    Str: 30    XL:     12   Next: 24%
Magic:  18/18      EV: 10    Int: 10    God:    Yredelemnul [......]
Gold:   740        SH:  5    Dex: 10    Spells: 9/11 levels left

rFire   . . .      SeeInvis .    G - +5 war axe (protect)
rCold   x . .      Faith    .    c - +0 buckler
rNeg    . . .      Spirit   .    J - +8 chain mail "Ryosusix" {+Blink rC- Will+ Int+2}
rPois   +          Reflect  .    C - +0 helmet
rElec   .          Rampage  .    j - +1 cloak
rCorr   .                        z - +2 pair of gloves
Will    +....                    (no boots) Stlth
                                 (no amulet)
HPRegen 0.37/turn                g - ring of poison resistance
MPRegen 0.16/turn                x - +6 ring of strength

@: about to teleport
A: no striking features
a: Renounce Religion, Evoke Blink, Recall Undead Harvest


You were on level 1 of the Lair of Beasts.
You worshipped Yredelemnul.
Yredelemnul was aware of your devotion.
You visited 3 branches of the dungeon, and saw 13 of its levels.

You collected 740 gold pieces.

Inventory:

Hand Weapons
 a - a +0 war axe of venom
 G - a +5 war axe of protection (weapon)
 L - a +3 vampiric hand axe
 M - the +2 rapier of Xotag {vamp, Str+3}
   (You found it on level 2 of the Lair of Beasts)

   Str:       It affects your strength (+3).
Missiles
 v - a throwing net
Armour
 c - a +0 buckler (worn)
 j - a +1 cloak (worn)
 o - a +0 plate armour
 z - a +2 pair of gloves (worn)
 C - a +0 helmet (worn)
 H - a +2 ring mail of cold resistance
 J - the +8 chain mail "Ryosusix" (worn) {+Blink rC- Will+ Int+2}
   (You found it on level 9 of the Dungeon)

   Int:       It affects your intelligence (+2).
   rC:        It makes you vulnerable to cold.
   +Blink:    It lets you blink.
   Will:      It increases your willpower.
Jewellery
 g - a ring of poison resistance (left hand)
 t - a ring of positive energy
 u - a ring of willpower
 x - a +6 ring of strength (right hand)
 y - a ring of flight
 A - a ring of protection from fire
Wands
 m - a wand of polymorph (13)
 q - a wand of mindburst (2)
 D - a wand of quicksilver (6)
 E - a wand of iceblast (11)
 K - a wand of digging (8)
Scrolls
 e - 3 scrolls of teleportation
 k - 3 scrolls of silence
 r - a scroll of fog
 s - a scroll of poison
 B - a scroll of amnesia {unknown}
 F - a scroll of enchant weapon {unknown}
Potions
 b - a potion of brilliance {unknown}
 d - 4 potions of might
 f - 3 potions of curing
 h - 4 potions of mutation
 i - 3 potions of resistance
 l - 2 potions of flight {unknown}
 n - 2 potions of magic
 p - 6 potions of heal wounds
 w - a potion of haste {unknown}
 I - a potion of attraction {unknown}


   Skills:
 + Level 9.2 Fighting
 * Level 17.5 Axes
 + Level 1.5 Ranged Weapons
 + Level 8.9 Armour
 + Level 3.2 Dodging
 - Level 0.1 Stealth
 + Level 6.1 Shields
 * Level 9.2 Invocations


You had 9 spell levels left.
You knew the following spells:

 Your Spells              Type           Power      Damage    Failure   Level
a - Blink                 Tloc           0%         N/A       94%         2

Your spell library contained the following spells:

 Spells                   Type           Power      Damage    Failure   Level
 Magic Dart               Conj           0%         1d3       86%         1
 Sandblast                Erth           0%         2d4       86%         1
 Lesser Beckoning         Tloc           0%         N/A       94%         2
 Momentum Strike          Conj/Tloc      0%         3d8       94%         2
 Passwall                 Tmut/Erth      0%         N/A       94%         2
 Searing Ray              Conj           0%         2d4       94%         2
 Hailstorm                Conj/Ice       0%         3d3       99%         3
 Stone Arrow              Conj/Erth      0%         3d7       99%         3
 Fulminant Prism          Conj/Hex       0%         3d5       100%        4
 Ice Form                 Ice/Tmut       0%         N/A       100%        4
 Simulacrum               Ice/Necr       Unusable   N/A       N/A         6

Dungeon Overview and Level Annotations

Branches:
Dungeon (10/15)            Temple (1/1) D:4            Lair (2/5) D:10
  Swamp: Lair:2-3    Shoals: Lair:2-3     Snake: Lair:2-3    Spider: Lair:2-3
    Orc: D:9-12

Altars:
Ashenzari
Cheibriados
Dithmenos
Elyvilon
Fedhas
Gozag
Hepliaklqana
Kikubaaqudgha
Makhleb
Nemelex Xobeh
Okawaru
Qazlal
Ru
Sif Muna
Trog
Uskayaw
Vehumet
Wu Jian
Xom
Yredelemnul
Zin
The Shining One
Beogh


Message History

The nine-headed hydra barely misses you.
The nine-headed hydra bites you but does no damage.
The nine-headed hydra bites you!
You block the nine-headed hydra's attack.
The nine-headed hydra bites you!
Aiming: Iceblast
Press: ? - help, Shift-Dir - straight line, p - nine-headed hydra
Okay, then.
The nine-headed hydra closely misses you.
The nine-headed hydra bites you. x2; The nine-headed hydra bites you!
* * * LOW HITPOINT WARNING * * *
You block the nine-headed hydra's attack.
The nine-headed hydra bites you.
* * * LOW HITPOINT WARNING * * *
The nine-headed hydra bites you but does no damage.
The nine-headed hydra barely misses you.
The nine-headed hydra bites you but does no damage.
You climb upwards.
There is a stone staircase leading down here.
As you read the scroll of teleportation, it crumbles to dust.
You feel strangely unstable.
The nine-headed hydra bites you but does no damage.
The nine-headed hydra bites you!
* * * LOW HITPOINT WARNING * * *
The nine-headed hydra bites you.
* * * LOW HITPOINT WARNING * * *
The nine-headed hydra bites you but does no damage. x2
The nine-headed hydra barely misses you.
The nine-headed hydra bites you but does no damage. x2
You block the nine-headed hydra's attack.
The nine-headed hydra attacks as you move away!
The nine-headed hydra bites you but does no damage. x4
The nine-headed hydra bites you!
* * * LOW HITPOINT WARNING * * *
The nine-headed hydra bites you but does no damage.
The nine-headed hydra bites you.
* * * LOW HITPOINT WARNING * * *
The nine-headed hydra misses you. The nine-headed hydra bites you.
You die...
Your body rises from the dead as a mindless zombie.

#
#########################
#................Z.Z.....
#......D@.....#.##.##....
##.............#######....
#..............# #....
##.............# #....
#.............# #....
##..#####.###..# ##....
#..## ### #..# #..... ##.#
#..# ##.... #.## #..#
#....


You could see a nine-headed hydra.

Vanquished Creatures
  A two-headed ogre (D:10)
  A skyshark (Lair:2)
  2 oklob plants (Lair:1)
  2 cane toads (Lair:1)
  2 komodo dragons
  2 trolls (D:10)
  3 blink frogs (Lair:1)
  2 wraiths (D:10)
  10 yaks
  A basilisk (Lair:1)
  A wyvern (D:9)
  2 steam dragons
  5 water moccasins
  An acid dragon (D:9)
  An ice beast (D:7)
  2 sky beasts
  2 black bears (D:6)
  7 orc warriors
  4 ogres
  4 kobold brigands
  3 bullfrogs
  5 scorpions
  15 wights
  9 killer bees
  3 howler monkeys (D:8)
  3 vampire bats (D:8)
  4 jellies
  3 iron imps (D:7)
  5 orc priests
  2 hounds
  Jessica (D:2)
  2 sleepcaps (D:6)
  Terence (D:3)
  6 orc wizards
  3 iguanas
  9 adders
  8 gnolls
  A shadow imp (D:8)
  3 white imps
  2 ufetubi
  2 worms
  The ghost of tsouns the Sneak, a weakling GrDe (D:6)
  2 dart slugs
  45 orcs
  4 bat skeletons (D:8)
  3 bat zombies (D:8)
  7 endoplasms
  3 giant cockroaches
  7 goblins
  5 hobgoblins
  6 jackals
  20 kobolds
  4 quokkas
  4 ball pythons
  3 bats (D:1)
  5 rats
264 creatures vanquished.

Vanquished Creatures (collateral kills)
  A two-headed ogre (D:10)
  2 oklob plants (Lair:1)
  A komodo dragon (D:10)
  4 yaks
  A basilisk (Lair:1)
  An orc warrior (D:9)
  An ice beast (D:6)
  4 centaurs (Lair:1)
  2 ogres
  A kobold brigand (D:10)
  2 bullfrogs
  3 wights
  3 killer bees
  An orc priest (D:9)
  An orc wizard (D:9)
  A gnoll (D:6)
  A shadow imp (D:8)
  7 orcs
  A kobold (D:9)
38 creatures vanquished.

Vanquished Creatures (others)
  A skyshark zombie (Lair:2)
  A wyvern zombie (D:9)
  2 water moccasin zombies
  A troll zombie (D:10)
  A yak zombie (Lair:2)
  A centaur zombie (Lair:1)
  2 bullfrog zombies
  A basilisk zombie (Lair:1)
  A scorpion zombie (D:6)
  3 kobold zombies
  2 ogre zombies (D:6)
  An acid dragon zombie (D:9)
  A howler monkey zombie (D:8)
  2 steam dragon zombies
  An adder zombie (D:5)
  2 jelly zombies (D:7)
  A spectral shadow imp (D:8)
  A spectral white imp (D:6)
  3 gnoll zombies (D:6)
  23 orc zombies
  A spectral ufetubus (D:6)
  3 fungi
  51 plants
  4 withered plants (Lair:1)
110 creatures vanquished.

Grand Total: 412 creatures vanquished

Notes
Turn   | Place    | Note
-------+----------+-------------------------------------------
     0 | D:1      | Arzdou the Hill Orc Fighter began the quest for the Orb.
     0 | D:1      | Reached XP level 1. HP: 19/19 MP: 1/1
   145 | D:1      | Reached XP level 2. HP: 27/27 MP: 2/2
   212 | D:1      | Reached skill level 3 in Axes
   438 | D:1      | Reached XP level 3. HP: 33/33 MP: 3/3
   913 | D:2      | Reached XP level 4. HP: 40/40 MP: 4/4
  1002 | D:2      | Found a hazy altar of Hepliaklqana.
  1145 | D:2      | Reached skill level 4 in Axes
  1239 | D:2      | Learned a level 2 spell: Blink
  1469 | D:2      | Noticed Jessica
  1478 | D:2      | Killed Jessica
  1901 | D:3      | Reached XP level 5. HP: 46/47 MP: 5/5
  1913 | D:3      | Found an iron altar of Okawaru.
  2033 | D:3      | Reached skill level 5 in Axes
  2092 | D:3      | Noticed Terence
  2181 | D:3      | Killed Terence
  2384 | D:3      | Found a glowing silver altar of Zin.
  2608 | D:4      | Reached XP level 6. HP: 53/53 MP: 6/6
  2764 | D:4      | Reached skill level 6 in Axes
  2772 | D:4      | Reached skill level 1 in Dodging
  2776 | D:4      | Reached skill level 1 in Ranged Weapons
  2794 | D:4      | Found a snail-covered altar of Cheibriados.
  2838 | D:4      | Found a staircase to the Ecumenical Temple.
  2857 | D:4      | Reached XP level 7. HP: 50/60 MP: 7/7
  2959 | D:4      | Reached skill level 5 in Fighting
  2959 | D:4      | Reached skill level 7 in Axes
  3407 | Temple   | Entered the Ecumenical Temple
  3531 | Temple   | Became a worshipper of Yredelemnul the Dark
  3559 | D:5      | Entered Level 5 of the Dungeon
  3576 | D:5      | Noticed an air elemental
  3584 | D:5      | Reached skill level 1 in Invocations
  3600 | D:5      | Noticed a water elemental
  3602 | D:5      | Found a stormy altar of Qazlal.
  3604 | D:5      | Noticed a fire elemental
  3625 | D:5      | Identified the +6 dagger "Voceduw" {heavy, +Blink Fly Str-4
                  | Dex-4}
  3648 | D:5      | Reached * piety under Yredelemnul
  3649 | D:5      | Reached skill level 5 in Armour
  3669 | D:5      | Reached skill level 8 in Axes
  3729 | D:5      | Reached XP level 8. HP: 61/68 MP: 9/9
  3990 | D:5      | Reached skill level 9 in Axes
  4577 | D:6      | Noticed tsouns's ghost (weakling GrDe)
  4577 | D:6      | Identified the +10 great mace "Grim" {heavy, rPois rN+}
  4578 | D:6      | Found a transporter.
  4594 | D:6      | Found a transporter.
  4745 | D:6      | Reached skill level 10 in Axes
  4762 | D:6      | Reached ** piety under Yredelemnul
  4877 | D:6      | Reached XP level 9. HP: 73/73 MP: 11/11
  5217 | D:6      | Reached skill level 11 in Axes
  5254 | D:6      | Killed tsouns's ghost
  5669 | D:7      | Found a bloodstained altar of Trog.
  5693 | D:7      | Reached skill level 12 in Axes
  5693 | D:7      | Reached skill level 5 in Invocations
  6080 | D:7      | Found a blossoming altar of Fedhas.
  6155 | D:7      | Found a burning altar of Makhleb.
  6190 | D:7      | Reached skill level 5 in Shields
  6362 | D:7      | Found a shadowy altar of Dithmenos.
  6826 | D:8      | Reached XP level 10. HP: 77/84 MP: 14/14
  7068 | D:8      | Reached skill level 13 in Axes
  7238 | D:8      | Found an ancient bone altar of Kikubaaqudgha.
  7494 | D:8      | Found a roughly hewn altar of Beogh.
  8005 | D:9      | Found an opulent altar of Gozag.
  8191 | D:9      | Reached skill level 14 in Axes
  8219 | D:9      | Reached *** piety under Yredelemnul
  8269 | D:9      | Identified the +8 chain mail "Ryosusix" {+Blink rC- Will+
                  | Int+2}
  8655 | D:9      | Found a shimmering blue altar of Sif Muna.
  8667 | D:9      | Found a hide-covered altar of Uskayaw.
  8769 | D:10     | Entered Level 10 of the Dungeon
  8842 | D:10     | Reached skill level 15 in Axes
  8842 | D:10     | Reached XP level 11. HP: 67/92 MP: 16/16
  8990 | D:10     | Noticed a two-headed ogre
  9009 | D:10     | Killed a two-headed ogre
  9145 | D:10     | Identified the +2 dagger of Contradiction {pain, rC+ Str+2
                  | Dex+2}
  9597 | D:10     | Found a staircase to the Lair.
  9655 | D:10     | Noticed a two-headed ogre
  9664 | D:10     | Killed a two-headed ogre
  9665 | D:10     | Reached skill level 16 in Axes
 10156 | Lair:1   | Entered Level 1 of the Lair of Beasts
 10594 | Lair:1   | Noticed an oklob plant
 10614 | Lair:1   | Killed an oklob plant
 10757 | Lair:1   | Reached **** piety under Yredelemnul
 10799 | Lair:1   | Found a blossoming altar of Fedhas.
 11018 | Lair:1   | Noticed an oklob plant
 11040 | Lair:1   | Killed an oklob plant
 11122 | Lair:1   | Noticed an oklob plant
 11142 | Lair:1   | Killed an oklob plant
 11143 | Lair:1   | Reached skill level 17 in Axes
 11232 | Lair:1   | Noticed an oklob plant
 11242 | Lair:1   | Killed an oklob plant
 11243 | Lair:1   | Reached XP level 12. HP: 103/103 MP: 18/18
 11385 | Lair:2   | Noticed a skyshark
 11398 | Lair:2   | Killed a skyshark
 11479 | Lair:2   | Identified the +2 rapier of Xotag {vamp, Str+3}
 11511 | Lair:2   | Noticed an eight-headed hydra
 11556 | Lair:1   | HP: 5/104 [nine-headed hydra (7)]
 11556 | Lair:1   | Slain by a nine-headed hydra

Illustrated notes

Levels and vault maps discovered:
D:1:      minmay_arrival_up_and_down, layout_basic, roderic_malta_cross
D:2:      layout_loops_ring, basic_altar, amethyst_killhole, minivault_14,
          nicolae_kite_square_tiling_tiny, uniq_jessica
D:3:      layout_rooms, zin_scriptorium, mainiacjoe_overflow_small_starburst,
          uniq_terence
D:4:      old_forge, layout_loops_cross, slow_altar_2,
          minmay_temple_entry_large_hall, feat_on_display
D:5:      layout_basic, nicolae_qazlal_style_of_elements,
          hangedman_abyss_or_decor_stagger
D:6:      minmay_inner_zag, layout_basic, gammafunk_ghost_smash,
          minmay_misc_feat_four_crosses, chequers_serial_rivers_room_b
D:7:      layout_basic, mainiacjoe_overflow_tiny_flanked, lemuel_crystal_altar,
          mainiacjoe_overflow_alcove_1, demons_altar, minmay_misc_feat_roman
D:8:      layout_loops_ring, kennysheep_vampire_church, special_room
          [special_room_orc]
D:9:      layout_rooms, nicolae_overflow_hidden_temple
D:10:     minmay_angry_zag, layout_basic, david_lair_shrubbed,
          chequers_serial_rivers_micro_e
Temple:   nicolae_temple_two_arcs
Lair:1:   minmay_lair_oklob_tunnel, layout_chaotic_city,
          pdpol_lair_neglected_garden, lemuel_centaur_altar
Lair:2:   nzn_winding_woodlands_large [nzn_winding_woodlands_5x5_cross,
          nzn_winding_woodlands_5x15_lazy_stream,
          nzn_winding_woodlands_5x5_three,
          nzn_winding_woodlands_center_pierced_h,
          nzn_winding_woodlands_15x15_boxy_spiral,
          nzn_winding_woodlands_center_diamonds,
          nzn_winding_woodlands_5x5_checkerboard,
          nzn_winding_woodlands_5x15_garden, nzn_winding_woodlands_hourglass],
          layout_misc_corridors, spider_nest_entry_web_field,
          chequers_serial_rivers_micro_d, bh_autumn_forest_stairs,
          serial_bayou_pond_a, serial_bayou_crossing, uniq_prince_ribbit2

Skill      XL: |  1  2  3  4  5  6  7  8  9 10 11 12 |
---------------+-------------------------------------+-----
Fighting       | 4 5 6 7 8 9 |  9.2
Axes           | 3 4 5 6 8 10 12 15 17 | 17.5
Armour         | 4 5 6 7 8 |  8.9
Shields        | 4 5 6 |  6.1
Dodging        | 1 2 3 |  3.2
Ranged Weapons | 1 |  1.5
Invocations    | 1 3 5 7 8 9 |  9.2
Stealth        | |  0.1

Action                     |  1- 3 |  4- 6 |  7- 9 | 10-12 || total
---------------------------+-------+-------+-------+-------++-------
  Melee: War axe           |    74 |   139 |   273 |   431 ||   917
   Fire: Sling             |       |    12 |       |       ||    12
 Invoke: Recall Undead Har |       |       |     5 |     4 ||     9
         Stop Recall       |       |       |     1 |       ||     1
         Dark Bargain      |       |       |       |     2 ||     2
  Evoke: Wand              |       |       |       |     4 ||     4
    Use: Scroll            |       |     6 |     8 |     7 ||    21
         Potion            |       |       |     2 |     2 ||     4
   Stab: Distracted        |       |       |     1 |     1 ||     2
 Armour: Scale mail        |    46 |    75 |   100 |    43 ||   264
         Chain mail        |       |       |       |   183 ||   183
         Plate armour      |       |       |       |    42 ||    42
  Dodge: Dodged            |    36 |    81 |   104 |   172 ||   393
  Block: Buckler           |    19 |    23 |    48 |    97 ||   187

Table legend: (Time is in decaauts)
 A = Elapsed time spent in this place.
 B = Non-inter-level travel time spent in this place.
 C = Inter-level travel time spent in this place.
 D = Time resting spent in this place.
 E = Time spent auto-exploring this place.
 F = Levels seen in this place.
 G = Mean time per level.
                   A        B        C        D        E       F      G
               +--------+--------+--------+--------+--------+-----+--------+
         Total |  11569 |  10903 |    666 |     10 |   8393 |  13 |  889.9 |
       Dungeon |  10066 |   9440 |    626 |     10 |   7322 |  10 | 1006.6 |
        Temple |    132 |    119 |     13 |      0 |    100 |   1 |  132.0 |
          Lair |   1370 |   1343 |     27 |      0 |    971 |   2 |  685.0 |
               +--------+--------+--------+--------+--------+-----+--------+

Top non-repeatable levels by time:
     D:7: 1420 daAuts
    D:10: 1375 daAuts
     D:2: 1295 daAuts
     D:6: 1289 daAuts
  Lair:1: 1163 daAuts
     D:8: 911 daAuts
     D:9: 817 daAuts
     D:3: 770 daAuts
     D:4: 761 daAuts
     D:5: 747 daAuts
     D:1: 676 daAuts
  Lair:2: 207 daAuts
  Temple: 132 daAuts
